 Dungeon Sprint DCSS version 0.23-a0-180-ga5275e7 (webtiles) character file.

6000000 Fang the Champion of Chaos (level 27, -30/246 (249) HPs)
             Began as a Gnoll Gladiator on Sept 18, 2018.
             Was the Champion of Makhleb.
             Annihilated by The Servant
             ... wielding a +9 glaive of flaming
              (146 damage)
             ... in the Dungeon (Sprint VIII: "Arena of Blood").
             The game lasted 00:01:58 (60 turns).

Fang the Champion of Chaos (Gnoll Gladiator)          Turns: 60, Time: 00:01:59

HP:   -30/246 (249) AC:  8    Str: 27    XL:     27
MP:   14/54         EV: 33    Int: 12    God:    Makhleb [******]
Gold: 0             SH:  0    Dex: 18    Spells: 80/80 levels left

rFire    . . .     SeeInvis .   l - +∞ Axe of Woe
rCold    . . .     Gourm    .   (shield currently unavailable)
rNeg     . . .     Faith    .   b - +0 leather armour
rPois    .         Spirit   .   c - +0 helmet
rElec    .         Reflect  .   (no cloak)
rCorr    .         Harm     .   (no gloves)
MR       ++...     NoTele   +   (no boots)
Stlth    +++++++++.             (no amulet)
HPRegen  0.00/turn              (no ring)
MPRegen  0.34/turn              (no ring)

@: non-regenerating, badly diseased
A: distributed training, fangs 1, strong nose
a: Minor Destruction, Lesser Servant of Makhleb, Major Destruction, Greater
Servant of Makhleb, Renounce Religion


You were in the Dungeon.
You worshipped Makhleb.
Makhleb was exalted by your worship.
You were not hungry.

You visited 1 branch

Inventory:

Hand Weapons
 l - the +∞ Axe of Woe (weapon)
   (You found it in the Dungeon)
Missiles
 d - 3 throwing nets (quivered)
Armour
 b - a +0 leather armour (worn)
 c - a +0 helmet (worn)
Scrolls
 k - a scroll of blinking
Potions
 e - a potion of curing
 g - a potion of heal wounds
 h - a potion of haste
 i - 2 potions of magic
 j - a potion of berserk rage
Comestibles
 f - a ration


   Skills:
 O Level 27 Fighting
 O Level 27 Short Blades
 O Level 27 Long Blades
 O Level 27 Axes
 O Level 27 Maces & Flails
 O Level 27 Polearms
 O Level 27 Staves
 O Level 27 Slings
 O Level 27 Bows
 O Level 27 Crossbows
 O Level 27 Throwing
 O Level 27 Armour
 O Level 27 Dodging
 O Level 27 Stealth
 O Level 27 Shields
 O Level 27 Unarmed Combat
 O Level 27 Spellcasting
 O Level 27 Conjurations
 O Level 27 Hexes
 O Level 27 Charms
 O Level 27 Summonings
 O Level 27 Necromancy
 O Level 27 Translocations
 O Level 27 Transmutations
 O Level 27 Fire Magic
 O Level 27 Ice Magic
 O Level 27 Air Magic
 O Level 27 Earth Magic
 O Level 27 Poison Magic
 O Level 27 Invocations
 O Level 27 Evocations


You had 80 spell levels left.
You didn't know any spells.
Your spell library was empty.

Dungeon Overview and Level Annotations

Branches:
Dungeon (1/1)

Altars:
Makhleb

Annotations:
D The Servant


Innate Abilities, Weirdness & Mutations

Your experience applies equally to all skills.
You have very sharp teeth.
Your uncanny sense of smell can sniff out nearby items.


Message History

The destroyer blinks!
The corpses begin to drag themselves along the ground!
A destroyer comes into view.
It is wielding a +9 great sword of slicing. 3 crawling corpses come into view.
You are too injured to fight recklessly!
Unknown command.
You are too injured to fight recklessly!
You slice the accursed!!
You fatally mangle the accursed.
You destroy the accursed!
Makhleb accepts your kill.
You feel better.
You feel extremely nervous for a moment...
You feel your flesh rotting away!
You feel ill.
You slash the crawling corpse!
You butcher the crawling corpse messily.
You destroy the crawling corpse!
You are engulfed in blazing flames.
The Servant hits you from afar with a +9 glaive of flaming!!!!!
Ouch! That really hurt!
You die...

. #..o ..#
...§###... ..###.
V........V###...§..
..#..%...o._......
#.......#.....#
.....%.%#z.<._#
#.......#)x...#...
..#....%)§§_.....%
..V...)V§@###......
.....###)))....###.
.... #)@x.%..# .
#)xX....#
...........%
......%.%%..%.
.......%....%...
............%.##
....#....%..%#.∆


You could see The Servant, 3 destroyers, a sculptor of flesh, a large
abomination, a small abomination, a bag of meat and 2 crawling corpses.

Vanquished Creatures
  A greater mummy (D)
  14 vampire knights (D)
  17 ogres (D)
  6 two-headed ogres (D)
  41 orcs (D)
  2 skeletal warriors (D)
  6 small abominations (D)
  3 large abominations (D)
  4 crawling corpses (D)
94 creatures vanquished.

Vanquished Creatures (others)
  2 crawling corpses (D)
2 creatures vanquished.

Grand Total: 96 creatures vanquished

Notes
Turn   | Place    | Note
-------+----------+-------------------------------------------
     0 | D        | Found the +∞ Axe of Woe
     0 | D        | Fang the Gnoll Gladiator began the quest for the Orb.
     0 | D        | Reached XP level 1. HP: 20/20 MP: 1/1
     2 | D        | Noticed a bag of meat
     2 | D        | Noticed a bag of meat
     3 | D        | Noticed a bag of meat
     5 | D        | Became a worshipper of Makhleb the Destroyer
     6 | D        | Noticed a bag of meat
     6 | D        | Noticed a bag of meat
     7 | D        | Noticed a bag of meat
     8 | D        | Killed a bag of meat
     8 | D        | Reached skill level 10 in Short Blades
     8 | D        | Reached skill level 10 in Long Blades
     8 | D        | Reached skill level 10 in Maces & Flails
     8 | D        | Reached skill level 10 in Polearms
     8 | D        | Reached skill level 10 in Staves
     8 | D        | Reached skill level 10 in Slings
     8 | D        | Reached skill level 10 in Bows
     8 | D        | Reached skill level 10 in Crossbows
     8 | D        | Reached skill level 10 in Armour
     8 | D        | Reached skill level 10 in Stealth
     8 | D        | Reached skill level 10 in Shields
     8 | D        | Reached skill level 10 in Unarmed Combat
     8 | D        | Reached skill level 10 in Spellcasting
     8 | D        | Reached skill level 10 in Evocations
     8 | D        | Reached XP level 2. HP: 38/38 MP: 1/13
     8 | D        | Reached XP level 3. HP: 44/44 MP: 1/15
     8 | D        | Reached XP level 4. HP: 51/51 MP: 1/16
     8 | D        | Reached XP level 5. HP: 57/57 MP: 1/18
     8 | D        | Reached XP level 6. HP: 63/63 MP: 1/19
     8 | D        | Reached XP level 7. HP: 69/69 MP: 1/21
     8 | D        | Reached XP level 8. HP: 76/76 MP: 1/22
     8 | D        | Reached XP level 9. HP: 82/82 MP: 1/23
     8 | D        | Reached XP level 10. HP: 89/89 MP: 1/24
     8 | D        | Reached XP level 11. HP: 95/95 MP: 1/25
     8 | D        | Reached XP level 12. HP: 101/101 MP: 1/26
     8 | D        | Noticed a meat berserker
     9 | D        | Killed a bag of meat
     9 | D        | Reached * piety under Makhleb
     9 | D        | Reached skill level 10 in Conjurations
     9 | D        | Reached skill level 10 in Hexes
     9 | D        | Reached skill level 10 in Charms
     9 | D        | Reached skill level 10 in Summonings
     9 | D        | Reached skill level 10 in Necromancy
     9 | D        | Reached skill level 10 in Translocations
     9 | D        | Reached skill level 10 in Transmutations
     9 | D        | Reached skill level 10 in Fire Magic
     9 | D        | Reached skill level 10 in Ice Magic
     9 | D        | Reached skill level 10 in Air Magic
     9 | D        | Reached skill level 10 in Earth Magic
     9 | D        | Reached skill level 10 in Poison Magic
     9 | D        | Reached XP level 13. HP: 111/111 MP: 1/29
     9 | D        | Killed a bag of meat
     9 | D        | Reached XP level 14. HP: 120/120 MP: 1/31
    10 | D        | Noticed a meat berserker
    11 | D        | Killed a meat berserker
    11 | D        | Reached skill level 15 in Fighting
    11 | D        | Reached skill level 15 in Short Blades
    11 | D        | Reached skill level 15 in Long Blades
    11 | D        | Reached skill level 15 in Maces & Flails
    11 | D        | Reached skill level 15 in Polearms
    11 | D        | Reached skill level 15 in Staves
    11 | D        | Reached skill level 15 in Slings
    11 | D        | Reached skill level 15 in Bows
    11 | D        | Reached skill level 15 in Crossbows
    11 | D        | Reached skill level 15 in Throwing
    11 | D        | Reached skill level 15 in Armour
    11 | D        | Reached skill level 15 in Stealth
    11 | D        | Reached skill level 15 in Shields
    11 | D        | Reached skill level 15 in Unarmed Combat
    11 | D        | Reached skill level 15 in Spellcasting
    11 | D        | Reached skill level 15 in Evocations
    11 | D        | Reached XP level 15. HP: 130/130 MP: 1/34
    12 | D        | Noticed a meat berserker
    13 | D        | Reached ** piety under Makhleb
    14 | D        | Killed a meat berserker
    14 | D        | Reached XP level 16. HP: 129/143 MP: 2/37
    15 | D        | Reached skill level 15 in Conjurations
    15 | D        | Reached skill level 15 in Hexes
    15 | D        | Reached skill level 15 in Charms
    15 | D        | Reached skill level 15 in Summonings
    15 | D        | Reached skill level 15 in Necromancy
    15 | D        | Reached skill level 15 in Translocations
    15 | D        | Reached skill level 15 in Transmutations
    15 | D        | Reached skill level 15 in Fire Magic
    15 | D        | Reached skill level 15 in Ice Magic
    15 | D        | Reached skill level 15 in Air Magic
    15 | D        | Reached skill level 15 in Earth Magic
    15 | D        | Reached skill level 15 in Poison Magic
    16 | D        | Killed a meat berserker
    16 | D        | Reached *** piety under Makhleb
    16 | D        | Reached XP level 17. HP: 153/153 MP: 3/40
    16 | D        | Noticed a meat berserker
    17 | D        | Noticed a meat berserker
    17 | D        | Noticed a meat berserker
    18 | D        | Reached XP level 18. HP: 164/164 MP: 3/42
    19 | D        | Noticed a meat berserker
    20 | D        | Noticed a meat berserker
    21 | D        | Killed a meat berserker
    21 | D        | Reached **** piety under Makhleb
    22 | D        | Noticed a large bag of meat
    22 | D        | Killed a meat berserker
    22 | D        | Reached XP level 19. HP: 176/176 MP: 4/45
    22 | D        | Killed a meat berserker
    23 | D        | Noticed a destroyer
    24 | D        | Killed a meat berserker
    24 | D        | Reached XP level 20. HP: 188/188 MP: 5/47
    24 | D        | Reached ***** piety under Makhleb
    25 | D        | Noticed a meat berserker
    25 | D        | Noticed a meat berserker
    25 | D        | Noticed a destroyer
    26 | D        | Killed a meat berserker
    26 | D        | Reached XP level 21. HP: 199/199 MP: 5/50
    27 | D        | Reached skill level 27 in Invocations
    27 | D        | Noticed a meat berserker
    28 | D        | Noticed a meat berserker
    28 | D        | Noticed a large bag of meat
    28 | D        | Noticed a large bag of meat
    29 | D        | Noticed a meat berserker
    29 | D        | Noticed a large bag of meat
    29 | D        | Noticed a destroyer
    29 | D        | Noticed a destroyer
    30 | D        | Killed a large bag of meat
    30 | D        | Reached skill level 27 in Fighting
    30 | D        | Reached skill level 27 in Short Blades
    30 | D        | Reached skill level 27 in Long Blades
    30 | D        | Reached skill level 27 in Axes
    30 | D        | Reached skill level 27 in Maces & Flails
    30 | D        | Reached skill level 27 in Polearms
    30 | D        | Reached skill level 27 in Staves
    30 | D        | Reached skill level 27 in Slings
    30 | D        | Reached skill level 27 in Bows
    30 | D        | Reached skill level 27 in Crossbows
    30 | D        | Reached skill level 27 in Throwing
    30 | D        | Reached skill level 27 in Armour
    30 | D        | Reached skill level 27 in Dodging
    30 | D        | Reached skill level 27 in Stealth
    30 | D        | Reached skill level 27 in Shields
    30 | D        | Reached skill level 27 in Unarmed Combat
    30 | D        | Reached skill level 27 in Spellcasting
    30 | D        | Reached skill level 27 in Evocations
    30 | D        | Reached XP level 22. HP: 150/212 MP: 7/53
    30 | D        | Reached ****** piety under Makhleb
    31 | D        | Killed a destroyer
    31 | D        | Reached skill level 27 in Conjurations
    31 | D        | Reached skill level 27 in Hexes
    31 | D        | Reached skill level 27 in Charms
    31 | D        | Reached skill level 27 in Summonings
    31 | D        | Reached skill level 27 in Necromancy
    31 | D        | Reached skill level 27 in Translocations
    31 | D        | Reached skill level 27 in Transmutations
    31 | D        | Reached skill level 27 in Fire Magic
    31 | D        | Reached skill level 27 in Ice Magic
    31 | D        | Reached skill level 27 in Air Magic
    31 | D        | Reached skill level 27 in Earth Magic
    31 | D        | Reached skill level 27 in Poison Magic
    31 | D        | Reached XP level 23. HP: 219/219 MP: 7/54
    31 | D        | Killed a large bag of meat
    31 | D        | Killed a large bag of meat
    31 | D        | Reached XP level 24. HP: 227/227 MP: 7/54
    31 | D        | Noticed a destroyer
    32 | D        | Killed a destroyer
    32 | D        | Noticed a destroyer
    33 | D        | Reached XP level 25. HP: 234/234 MP: 7/54
    33 | D        | Killed a destroyer
    35 | D        | Killed a destroyer
    35 | D        | Reached XP level 26. HP: 242/242 MP: 8/54
    36 | D        | Noticed a destroyer
    37 | D        | Killed a large bag of meat
    37 | D        | Killed a destroyer
    37 | D        | Reached XP level 27. HP: 249/249 MP: 8/54
    38 | D        | Noticed a destroyer
    40 | D        | Noticed a large bag of meat
    40 | D        | Noticed a destroyer
    41 | D        | Noticed a destroyer
    43 | D        | Killed a destroyer
    46 | D        | Killed a destroyer
    46 | D        | Killed a large bag of meat
    46 | D        | Killed a destroyer
    46 | D        | Killed a destroyer
    47 | D        | Killed a destroyer
    47 | D        | Noticed a destroyer
    47 | D        | Noticed a destroyer
    47 | D        | Noticed a large bag of meat
    47 | D        | Noticed The Servant
    49 | D        | Noticed a destroyer
    49 | D        | Noticed an accursed
    51 | D        | Killed a destroyer
    52 | D        | Killed a destroyer
    54 | D        | Killed a destroyer
    55 | D        | Noticed an accursed
    56 | D        | Noticed a destroyer
    56 | D        | Noticed a destroyer
    57 | D        | Noticed a destroyer
    59 | D        | Killed a large bag of meat
    59 | D        | HP: 7/249 [large bag of meat/exploding inner flame (29)]
    59 | D        | Killed a destroyer
    59 | D        | Noticed a destroyer
    60 | D        | Killed an accursed
    60 | D        | Annihilated by The Servant

Vault maps used:
D:        meatsprint

Skill      XL: |  1  2  3  4  5  6  7  8  9 10 11 12 13 14 15 16 17 18 19 20 21 22 |
---------------+-------------------------------------------------------------------+-----
Fighting       | 11 13 14 15 17 19 20 22 24 25 27 | 27.0
Short Blades   | 10 12 13 15 17 19 20 22 23 25 27 | 27.0
Long Blades    | 10 12 13 15 17 19 20 22 23 25 27 | 27.0
Axes           | 12 13 14 16 18 19 20 22 24 25 27 | 27.0
Maces & Flails | 10 12 13 15 17 19 20 22 23 25 27 | 27.0
Polearms       | 10 12 13 15 17 19 20 22 23 25 27 | 27.0
Staves         | 10 12 13 15 17 19 20 22 23 25 27 | 27.0
Slings         | 10 12 13 15 17 19 20 22 23 25 27 | 27.0
Bows           | 10 12 13 15 17 19 20 22 23 25 27 | 27.0
Crossbows      | 10 12 13 15 17 19 20 22 23 25 27 | 27.0
Throwing       | 11 13 14 15 17 19 20 22 24 25 27 | 27.0
Armour         | 10 12 13 15 17 19 20 22 23 25 27 | 27.0
Dodging        | 12 13 14 16 18 19 20 22 24 25 27 | 27.0
Stealth        | 10 12 13 15 17 19 20 22 23 25 27 | 27.0
Shields        | 10 12 13 15 17 19 20 22 23 25 27 | 27.0
Unarmed Combat | 10 12 13 15 17 19 20 22 23 25 27 | 27.0
Spellcasting   | 10 12 13 15 17 19 20 22 23 25 27 | 27.0
Conjurations   | 9 10 11 13 14 16 17 19 20 21 23 27 | 27.0
Hexes          | 9 10 11 13 14 16 17 19 20 21 23 27 | 27.0
Charms         | 9 10 11 13 14 16 17 19 20 21 23 27 | 27.0
Summonings     | 9 10 11 13 14 16 17 19 20 21 23 27 | 27.0
Necromancy     | 9 10 11 13 14 16 17 19 20 21 23 27 | 27.0
Translocations | 9 10 11 13 14 16 17 19 20 21 23 27 | 27.0
Transmutations | 9 10 11 13 14 16 17 19 20 21 23 27 | 27.0
Fire Magic     | 9 10 11 13 14 16 17 19 20 21 23 27 | 27.0
Ice Magic      | 9 10 11 13 14 16 17 19 20 21 23 27 | 27.0
Air Magic      | 9 10 11 13 14 16 17 19 20 21 23 27 | 27.0
Earth Magic    | 9 10 11 13 14 16 17 19 20 21 23 27 | 27.0
Poison Magic   | 9 10 11 13 14 16 17 19 20 21 23 27 | 27.0
Invocations    | 11 13 14 16 18 20 21 23 25 26 27 | 27.0
Evocations     | 10 12 13 15 17 19 20 22 23 25 27 | 27.0

Action                   |  1- 3 |  4- 6 |  7- 9 | 10-12 | 13-15 | 16-18 | 19-21 | 22-24 | 25-27 || total
-------------------------+-------+-------+-------+-------+-------+-------+-------+-------+-------++-------
Melee: Executioner's axe |     1 |       |       |     1 |     3 |     6 |     5 |     3 |    23 ||    42
Dodge: Dodged            |       |       |       |       |       |     1 |     1 |       |       ||     2

Table legend:
 A = Non-vault XP
 B = Vault XP
 C = Vault XP percentage of total XP
 D = Non-vault monster count
 E = Vault monster count
 F = Vault count percentage of total count
                 A         B        C        D         E       F
            +---------+---------+-------+---------+---------+-------
      Total | 1532447 |  912870 |  37.3 |      47 |      43 |  47.8
            +---------+---------+-------+---------+---------+-------
          D | 1532447 |  912870 |  37.3 |      47 |      43 |  47.8
            +---------+---------+-------+---------+---------+-------
